[Event "EYCC Open-U14 2019"]
[Site "Bratislava"]
[Date "2019.08.04"]
[Round "3.44"]
[White "Waligora, Franciszek"]
[Black "Schlegel, Igor"]
[Result "0-1"]
[ECO "B54"]
[WhiteElo "1802"]
[BlackElo "1968"]
[Annotator "NA"]
[PlyCount "106"]
[EventDate "2019.08.02"]
[EventType "swiss"]
[EventCountry "SVK"]
[SourceTitle "playchess.com"]
[Source "ChessBase"]
[SourceQuality "1"]
[TimeControl "40/5400+30:1800+30"]

1. e4 c5 2. Nf3 d6 3. d4 cxd4 4. Nxd4 Nf6 5. f3 e5 6. Nb3 Be7 7. c4 a5 8. a4 O-O 9. Be3 Be6 10. Be2 Nc6 11. O-O Rc8 12. Nc3 Nb4 13. Nd2 Nh5 14. g3 Bg5 15. f4 exf4 16. Bd4 Bf6 17. Bf2 fxg3 18. hxg3 g6 19. Bxh5 gxh5 20. Qxh5 Nd3 21. Kg2 Bg7 22. Rh1 h6 23. Be3 Qf6 24. Raf1 Qe5 25. Bxh6 Qxh5 26. Rxh5 Bxh6 27. Rxh6 Nxb2 28. Nd5 Nxc4 29. Nxc4 Rxc4 30. Ra1 Kg7 31. Rh4 Rxe4 32. Nc7 Rxh4 33. gxh4 Rc8 34. Nb5 Rc2+ 35. Kg3 d5 36. Re1 Rc4 37. Nd6 Rg4+ 38. Kf3 Rxh4 39. Nxb7 Rxa4 40. Nc5 Ra3+ 41. Kf4 Kf6 42. Rd1 Rc3 43. Nb7 a4 44. Ra1 a3 45. Nd6 Rb3 46. Ne8+ Ke7 47. Ng7 Kd6 48. Ne8+ Kc5 49. Nf6 Kd4 50. Rc1 a2 51. Ra1 Ra3 52. Ng4 Bxg4 53. Kxg4 Kc3 0-1

[Event "EYCC Open-U14 2019"]
[Site "Bratislava"]
[Date "2019.08.04"]
[Round "3.45"]
[White "Indriunas, Matas"]
[Black "Grigoryan, Aram"]
[Result "0-1"]
[ECO "C07"]
[WhiteElo "1960"]
[BlackElo "1947"]
[Annotator "NA"]
[PlyCount "64"]
[EventDate "2019.08.02"]
[EventType "swiss"]
[EventCountry "SVK"]
[SourceTitle "playchess.com"]
[Source "ChessBase"]
[SourceQuality "1"]
[TimeControl "40/5400+30:1800+30"]

1. e4 e6 2. d4 d5 3. Nd2 c5 4. exd5 Qxd5 5. dxc5 Bxc5 6. Ngf3 Nf6 7. Bc4 Qd6 8. O-O O-O 9. Qe2 a6 10. Bd3 Nc6 11. c3 Re8 12. Nc4 Qc7 13. Nfe5 b5 14. Nxc6 bxc4 15. Bxh7+ Nxh7 16. Ne5 Bd6 17. f4 Bb7 18. Nxc4 a5 19. Nxd6 Qxd6 20. Be3 Qc6 21. Rf3 Qa6 22. Qxa6 Rxa6 23. Rff1 Rd6 24. Bd4 Nf6 25. b3 Rc8 26. a3 Ne4 27. Rac1 Nd2 28. Be5 Rdd8 29. Rfd1 f6 30. Bd4 Nxb3 31. Rb1 Nxd4 32. cxd4 Be4 0-1

[Event "EYCC Open-U14 2019"]
[Site "Bratislava"]
[Date "2019.08.04"]
[Round "3.46"]
[White "Olde, Karl Erik"]
[Black "Lopez Varela, Pablo"]
[Result "1/2-1/2"]
[ECO "A41"]
[WhiteElo "1516"]
[BlackElo "2131"]
[Annotator "NA"]
[PlyCount "90"]
[EventDate "2019.08.02"]
[EventType "swiss"]
[EventCountry "SVK"]
[SourceTitle "playchess.com"]
[Source "ChessBase"]
[SourceQuality "1"]
[TimeControl "40/5400+30:1800+30"]

1. d4 d6 2. c4 e5 3. Nc3 exd4 4. Qxd4 Nc6 5. Qd1 g6 6. g3 Bg7 7. Bg2 Nge7 8. Nf3 O-O 9. O-O Be6 10. Nd5 Na5 11. Nd4 c6 12. Nxe6 fxe6 13. Nxe7+ Qxe7 14. Qa4 Qc7 15. Bd2 b6 16. Bxa5 bxa5 17. Qxc6 Qxc6 18. Bxc6 Rab8 19. Rab1 Bxb2 20. Rfd1 Ba3 21. Rxb8 Rxb8 22. Rd3 Rb1+ 23. Kg2 Bc5 24. Rb3 Rc1 25. Rb8+ Kg7 26. Rb7+ Kf6 27. Rxh7 Rc2 28. Be8 Rxe2 29. Rf7+ Ke5 30. a4 d5 31. cxd5 exd5 32. Rf3 g5 33. g4 a6 34. h4 gxh4 35. g5 Bd4 36. g6 Ke4 37. Rf7 Kd3 38. Bd7 Kc4 39. g7 Bxg7 40. Rxg7 d4 41. Bc8 Kc3 42. Bxa6 h3+ 43. Kxh3 Rxf2 44. Rg3+ Kb4 45. Bb5 Rc2 1/2-1/2

[Event "EYCC Open-U14 2019"]
[Site "Bratislava"]
[Date "2019.08.04"]
[Round "3.47"]
[White "Revaliente Montoya, Ciro"]
[Black "Maldonado Mena, German"]
[Result "1-0"]
[ECO "A06"]
[WhiteElo "1917"]
[BlackElo "1822"]
[Annotator "NA"]
[PlyCount "73"]
[EventDate "2019.08.02"]
[EventType "swiss"]
[EventCountry "SVK"]
[SourceTitle "playchess.com"]
[Source "ChessBase"]
[SourceQuality "1"]
[TimeControl "40/5400+30:1800+30"]

1. Nf3 d5 2. e3 Nf6 3. b3 c5 4. Bb2 Nc6 5. Bb5 Bd7 6. O-O e6 7. d4 cxd4 8. exd4 Bd6 9. Nbd2 O-O 10. c4 Ne7 11. Bxd7 Nxd7 12. c5 Bc7 13. b4 b6 14. Nb3 b5 15. Qd3 a6 16. a4 bxa4 17. Rxa4 Nc6 18. Bc3 e5 19. dxe5 Ndxe5 20. Nxe5 Bxe5 21. Rfa1 Qf6 22. Bxe5 Qxe5 23. b5 Ne7 24. b6 Nc6 25. Rxa6 Nb4 26. Rxa8 Nxd3 27. b7 Nb4 28. Nd4 g6 29. h3 Qxd4 30. Rxf8+ Kxf8 31. b8=Q+ Kg7 32. Qa7 Nc6 33. Qa3 Nb4 34. Rc1 Nd3 35. Qc3 Qxc3 36. Rxc3 Nf4 37. c6 1-0

[Event "EYCC Open-U14 2019"]
[Site "Bratislava"]
[Date "2019.08.04"]
[Round "3.48"]
[White "Zemach, Nadav"]
[Black "Priseajniuc, Andrei"]
[Result "1-0"]
[ECO "E08"]
[WhiteElo "1997"]
[BlackElo "1789"]
[Annotator "NA"]
[PlyCount "87"]
[EventDate "2019.08.02"]
[EventType "swiss"]
[EventCountry "SVK"]
[SourceTitle "playchess.com"]
[Source "ChessBase"]
[SourceQuality "1"]
[TimeControl "40/5400+30:1800+30"]

1. d4 d5 2. c4 e6 3. Nf3 Be7 4. g3 Nf6 5. Bg2 O-O 6. O-O Nbd7 7. Qc2 c5 8. e3 b6 9. b3 Ba6 10. Nbd2 Rc8 11. Bb2 cxd4 12. exd4 dxc4 13. bxc4 Bxc4 14. Nxc4 b5 15. Rfc1 Rxc4 16. Qe2 Rxc1+ 17. Rxc1 Qb6 18. Ne5 Nxe5 19. dxe5 Nd5 20. Bxd5 exd5 21. Qd3 Rd8 22. Bd4 Qa5 23. Qc2 Qa4 24. Qxa4 bxa4 25. Rc7 Bb4 26. Rxa7 a3 27. Rb7 Bf8 28. Kf1 g5 29. Ke2 Re8 30. Kd3 Bg7 31. f4 gxf4 32. gxf4 Bh6 33. Be3 Ra8 34. Rb4 Bf8 35. Rb5 Rd8 36. f5 Be7 37. f6 Bf8 38. Bd4 h6 39. Bc5 Bxc5 40. Rxc5 Rb8 41. Ra5 Rb2 42. Ra8+ Kh7 43. e6 Rb7 44. e7 1-0

[Event "EYCC Open-U14 2019"]
[Site "Bratislava"]
[Date "2019.08.05"]
[Round "4.1"]
[White "Fernandez Lopez, Ruben"]
[Black "Kostolansky, Sebastian Lukas"]
[Result "0-1"]
[ECO "B06"]
[WhiteElo "2207"]
[BlackElo "2406"]
[Annotator "NA"]
[PlyCount "71"]
[EventDate "2019.08.02"]
[EventType "swiss"]
[EventCountry "SVK"]
[SourceTitle "playchess.com"]
[Source "ChessBase"]
[SourceQuality "1"]
[TimeControl "40/5400+30:1800+30"]

1. e4 g6 2. d4 Bg7 3. Nc3 d6 4. Be3 Nf6 5. Qd2 O-O 6. O-O-O c6 7. Bh6 b5 8. Bxg7 Kxg7 9. Qe1 b4 10. e5 bxc3 11. exf6+ exf6 12. Qxc3 Be6 13. a3 Nd7 14. h4 Nb6 15. h5 Rb8 16. Qd2 g5 17. h6+ Kh8 18. Qa5 Qd7 19. Nf3 Bd5 20. Nd2 Qg4 21. c4 Be6 22. d5 cxd5 23. Qc3 Qf4 24. g3 Qe5 25. Nf3 Qxc3+ 26. bxc3 Rfc8 27. Nd4 Na4 28. Nb5 a6 29. Nxd6 Rc6 30. cxd5 Rxc3+ 31. Kd2 Bxd5 32. Rg1 Bf3 33. Bd3 Bxd1 34. Rxd1 Rxd3+ 35. Kxd3 Nb2+ 36. Kd4 0-1

[Event "EYCC Open-U14 2019"]
[Site "Bratislava"]
[Date "2019.08.05"]
[Round "4.2"]
[White "Razafindratsima, Timothe"]
[Black "Can, Isik"]
[Result "1-0"]
[ECO "B02"]
[WhiteElo "2178"]
[BlackElo "2374"]
[Annotator "NA"]
[PlyCount "63"]
[EventDate "2019.08.02"]
[EventType "swiss"]
[EventCountry "SVK"]
[SourceTitle "playchess.com"]
[Source "ChessBase"]
[SourceQuality "1"]
[TimeControl "40/5400+30:1800+30"]

1. e4 Nf6 2. e5 Nd5 3. c4 Nb6 4. d4 d6 5. Nf3 Bg4 6. exd6 exd6 7. Be2 Be7 8. O-O O-O 9. Nc3 Nc6 10. b3 Bf6 11. Be3 d5 12. c5 Nc8 13. b4 N8e7 14. h3 Be6 15. Qd2 b6 16. Rab1 h6 17. Rfc1 g5 18. Nh2 Bg7 19. h4 bxc5 20. bxc5 gxh4 21. Bxh6 Bxh6 22. Qxh6 Nf5 23. Qf4 Ncxd4 24. Ng4 Kh8 25. Rd1 Nxe2+ 26. Nxe2 f6 27. Nd4 Nxd4 28. Qh6+ Kg8 29. Qg6+ Kh8 30. Rxd4 Qe7 31. Re1 Rf7 32. Rxd5 1-0

[Event "EYCC Open-U14 2019"]
[Site "Bratislava"]
[Date "2019.08.05"]
[Round "4.4"]
[White "Sahakyan, Aleks"]
[Black "Vojta, Jakub"]
[Result "1-0"]
[ECO "B80"]
[WhiteElo "1856"]
[BlackElo "2238"]
[Annotator "NA"]
[PlyCount "65"]
[EventDate "2019.08.02"]
[EventType "swiss"]
[EventCountry "SVK"]
[SourceTitle "playchess.com"]
[Source "ChessBase"]
[SourceQuality "1"]
[TimeControl "40/5400+30:1800+30"]

1. e4 c5 2. Nf3 e6 3. d4 cxd4 4. Nxd4 Nf6 5. Nc3 d6 6. Bg5 Be7 7. f4 O-O 8. Qf3 Nc6 9. O-O-O Qb6 10. Nb3 Rd8 11. g4 a5 12. Bb5 Kf8 13. Bh4 Ng8 14. Bf2 Qc7 15. Na4 Nb4 16. c3 Bd7 17. Bxd7 Qxd7 18. Nb6 Qc6 19. Kb1 Ra6 20. cxb4 axb4 21. Rc1 Qb5 22. g5 Rxb6 23. Bxb6 Qxb6 24. Nd2 d5 25. exd5 exd5 26. Rhe1 d4 27. Nc4 Qb5 28. Qd3 Qa4 29. Ne5 f6 30. g6 h5 31. Nf3 Qd7 32. Re4 Qf5 33. Nxd4 1-0

[Event "EYCC Open-U14 2019"]
[Site "Bratislava"]
[Date "2019.08.05"]
[Round "4.5"]
[White "Borhy, Marcell"]
[Black "Rozen, Eytan"]
[Result "1/2-1/2"]
[ECO "A40"]
[WhiteElo "2382"]
[BlackElo "2260"]
[Annotator "NA"]
[PlyCount "56"]
[EventDate "2019.08.02"]
[EventType "swiss"]
[EventCountry "SVK"]
[SourceTitle "playchess.com"]
[Source "ChessBase"]
[SourceQuality "1"]
[TimeControl "40/5400+30:1800+30"]

1. d4 Nf6 2. c4 e6 3. g3 d5 4. Nf3 Bb4+ 5. Bd2 Be7 6. Bg2 O-O 7. O-O c6 8. Na3 Nbd7 9. Rc1 Ne4 10. Be3 f5 11. cxd5 exd5 12. Nc2 g5 13. Nd2 f4 14. gxf4 gxf4 15. Nxe4 dxe4 16. Bd2 Bd6 17. Bxe4 f3 18. exf3 Qh4 19. f4 Rxf4 20. Bxf4 Bxf4 21. Re1 Nf6 22. Bg2 Qxh2+ 23. Kf1 Bxc1 24. Qxc1 Bh3 25. Qg5+ Kf7 26. Bxh3 Qxh3+ 27. Ke2 Rg8 28. Qf4 Qg4+ 1/2-1/2

[Event "EYCC Open-U14 2019"]
[Site "Bratislava"]
[Date "2019.08.05"]
[Round "4.8"]
[White "Krastev, Alexander"]
[Black "Kusa, Jakub"]
[Result "1-0"]
[ECO "B10"]
[WhiteElo "2325"]
[BlackElo "2199"]
[Annotator "NA"]
[PlyCount "69"]
[EventDate "2019.08.02"]
[EventType "swiss"]
[EventCountry "SVK"]
[SourceTitle "playchess.com"]
[Source "ChessBase"]
[SourceQuality "1"]
[TimeControl "40/5400+30:1800+30"]

1. e4 c6 2. d3 d5 3. Nd2 dxe4 4. dxe4 Nf6 5. Ngf3 Bg4 6. e5 Nd5 7. h3 Bh5 8. e6 fxe6 9. Be2 Nf4 10. O-O Qd6 11. Ne4 Qxd1 12. Bxd1 Nd5 13. Nc5 b6 14. Nxe6 Bf7 15. Nfg5 h6 16. c4 hxg5 17. cxd5 Na6 18. Bxg5 Rb8 19. Bf4 Bxe6 20. Bxb8 Bxh3 21. gxh3 Nxb8 22. dxc6 Kd8 23. Rc1 Kc7 24. Bg4 e5 25. Rfd1 Be7 26. b4 Bxb4 27. Rd5 Bc5 28. Rxe5 Nxc6 29. Rg5 Rf8 30. Rxg7+ Kb8 31. Rf1 Ne5 32. Rg5 Bd4 33. Kg2 Nd3 34. Rf5 Nf4+ 35. Kf3 1-0

[Event "EYCC Open-U14 2019"]
[Site "Bratislava"]
[Date "2019.08.05"]
[Round "4.10"]
[White "Pozzari, Simone"]
[Black "Makoveev, Ilya"]
[Result "0-1"]
[ECO "B54"]
[WhiteElo "2179"]
[BlackElo "2288"]
[Annotator "NA"]
[PlyCount "78"]
[EventDate "2019.08.02"]
[EventType "swiss"]
[EventCountry "SVK"]
[SourceTitle "playchess.com"]
[Source "ChessBase"]
[SourceQuality "1"]
[TimeControl "40/5400+30:1800+30"]

1. e4 c5 2. Nf3 d6 3. d4 cxd4 4. Nxd4 Nf6 5. f3 e5 6. Nb3 a5 7. Bg5 Be7 8. Bb5+ Bd7 9. Bxd7+ Nbxd7 10. c4 a4 11. Nc1 Qb6 12. Qe2 Rc8 13. Nc3 Qb4 14. Nd3 Qxc4 15. Nd5 Qb5 16. Bxf6 Nxf6 17. N3b4 Qxe2+ 18. Kxe2 Nxd5 19. Nxd5 Rc2+ 20. Kd3 Rxg2 21. Rhc1 Bd8 22. Rc8 O-O 23. Rac1 g6 24. R1c2 Rxc2 25. Kxc2 Ba5 26. Nf6+ Kg7 27. Ne8+ Kh6 28. Nxd6 Rxc8+ 29. Nxc8 Bc7 30. Ne7 Kg5 31. Nd5 Bd8 32. Kd3 Kh4 33. Nc3 Kh3 34. Nxa4 Kxh2 35. Nc3 h5 36. Ne2 h4 37. f4 h3 38. fxe5 g5 39. Nd4 Kg2 0-1

[Event "EYCC Open-U14 2019"]
[Site "Bratislava"]
[Date "2019.08.05"]
[Round "4.11"]
[White "Jun, Rudolf Jr."]
[Black "Antonica, Dragos-Andrei"]
[Result "1/2-1/2"]
[ECO "C09"]
[WhiteElo "2200"]
[BlackElo "2124"]
[Annotator "NA"]
[PlyCount "118"]
[EventDate "2019.08.02"]
[EventType "swiss"]
[EventCountry "SVK"]
[SourceTitle "playchess.com"]
[Source "ChessBase"]
[SourceQuality "1"]
[TimeControl "40/5400+30:1800+30"]

1. e4 e6 2. d4 d5 3. Nd2 c5 4. exd5 exd5 5. Ngf3 Nc6 6. c3 Nf6 7. Bb5 cxd4 8. Nxd4 Bd7 9. N2f3 Bd6 10. O-O O-O 11. Bd3 h6 12. Re1 Re8 13. Nf5 Rxe1+ 14. Qxe1 Bxf5 15. Bxf5 Qb6 16. Rb1 d4 17. cxd4 Nxd4 18. Nxd4 Qxd4 19. g3 Qd5 20. Bh3 Re8 21. Be3 Bc5 22. Qd1 Qxd1+ 23. Rxd1 Bxe3 24. fxe3 Rxe3 25. Kf2 Re7 26. Kf3 g6 27. Bf1 Rd7 28. Rxd7 Nxd7 29. Ke4 Kf8 30. Kd5 Ke7 31. Bg2 Nb8 32. Kc5 Na6+ 33. Kb5 Nc7+ 34. Kc5 Ne6+ 35. Kb5 Nc7+ 36. Kc5 b6+ 37. Kc6 Ne8 38. Kb7 Kd8 39. Kxa7 Kc7 40. a4 Nd6 41. b4 f5 42. Ka6 Nc4 43. Kb5 Na3+ 44. Ka6 Nc4 45. a5 bxa5 46. bxa5 Nd6 47. Bf3 g5 48. Bh1 h5 49. h4 g4 50. Bg2 Nc4 51. Kb5 Ne3 52. Bh1 f4 53. gxf4 g3 54. Kc5 g2 55. Bxg2 Nxg2 56. Kd5 Nxh4 57. Ke4 Kc6 58. f5 Kb5 59. f6 Kxa5 1/2-1/2

[Event "EYCC Open-U14 2019"]
[Site "Bratislava"]
[Date "2019.08.05"]
[Round "4.12"]
[White "Chyzy, Jakub"]
[Black "Tsaruk, Maksim"]
[Result "1/2-1/2"]
[ECO "C91"]
[WhiteElo "2093"]
[BlackElo "2230"]
[Annotator "NA"]
[PlyCount "82"]
[EventDate "2019.08.02"]
[EventType "swiss"]
[EventCountry "SVK"]
[SourceTitle "playchess.com"]
[Source "ChessBase"]
[SourceQuality "1"]
[TimeControl "40/5400+30:1800+30"]

1. e4 e5 2. Nf3 Nc6 3. Bb5 a6 4. Ba4 Nf6 5. O-O b5 6. Bb3 Be7 7. Re1 O-O 8. d4 d6 9. c3 Bg4 10. d5 Na5 11. Bc2 c6 12. h3 Bc8 13. dxc6 Qc7 14. Nbd2 Qxc6 15. Nf1 Be6 16. Ng3 Rac8 17. Ng5 Bd7 18. Nf5 Bxf5 19. exf5 Rfd8 20. Qe2 h6 21. Nf3 Re8 22. a4 Bd8 23. axb5 axb5 24. Nh2 d5 25. Ng4 Nxg4 26. Qxg4 Nc4 27. Bd3 e4 28. Bxc4 bxc4 29. Be3 Rb8 30. Re2 Kf8 31. Rd2 Bf6 32. Qd1 Rb5 33. Ra7 Ra8 34. Rxa8+ Qxa8 35. g3 Kg8 36. Kh2 Qb7 37. Qe2 Kh7 38. Qh5 Kg8 39. Qe2 Qb8 40. Qd1 Qa8 41. Qg4 Kh7 1/2-1/2

[Event "EYCC Open-U14 2019"]
[Site "Bratislava"]
[Date "2019.08.05"]
[Round "4.13"]
[White "Kirillov, Dmitry"]
[Black "Trofimov, Pavel"]
[Result "1-0"]
[ECO "B52"]
[WhiteElo "2244"]
[BlackElo "2151"]
[Annotator "NA"]
[PlyCount "63"]
[EventDate "2019.08.02"]
[EventType "swiss"]
[EventCountry "SVK"]
[SourceTitle "playchess.com"]
[Source "ChessBase"]
[SourceQuality "1"]
[TimeControl "40/5400+30:1800+30"]

1. e4 c5 2. Nf3 d6 3. Bb5+ Bd7 4. Bxd7+ Qxd7 5. O-O Nc6 6. c3 Nf6 7. d4 e6 8. d5 Ne5 9. Nxe5 dxe5 10. Re1 h6 11. c4 Bd6 12. Qf3 exd5 13. cxd5 Qg4 14. Qxg4 Nxg4 15. b3 Ke7 16. a4 Nf6 17. Na3 b6 18. Nc4 Nd7 19. f4 f6 20. f5 Nb8 21. Bd2 Na6 22. Kf2 Nc7 23. Kf3 Ne8 24. Rec1 Kd7 25. a5 Rb8 26. axb6 axb6 27. Ra7+ Bc7 28. Be3 Rg8 29. b4 b5 30. Na5 cxb4 31. d6 Kxd6 32. Rd1+ {[%emt 0:00:05] Kd5} 1-0

[Event "EYCC Open-U14 2019"]
[Site "Bratislava"]
[Date "2019.08.05"]
[Round "4.14"]
[White "Backiel, Hubert"]
[Black "Musyuk, Lior"]
[Result "1/2-1/2"]
[ECO "B20"]
[WhiteElo "1748"]
[BlackElo "2236"]
[Annotator "NA"]
[PlyCount "48"]
[EventDate "2019.08.02"]
[EventType "swiss"]
[EventCountry "SVK"]
[SourceTitle "playchess.com"]
[Source "ChessBase"]
[SourceQuality "1"]
[TimeControl "40/5400+30:1800+30"]

1. e4 c5 2. c4 Nc6 3. Nc3 g6 4. g3 Bg7 5. Bg2 e6 6. d3 d6 7. Nge2 Nge7 8. O-O Nd4 9. Bg5 h6 10. Be3 h5 11. h4 Rb8 12. Rb1 Nec6 13. a3 a6 14. b4 cxb4 15. axb4 b5 16. Nxd4 Nxd4 17. Ne2 Qb6 18. Kh2 O-O 19. Qd2 Bb7 20. Rfc1 Rbc8 21. c5 dxc5 22. bxc5 Qd8 23. Bf4 Nxe2 24. Qxe2 Re8 1/2-1/2

[Event "EYCC Open-U14 2019"]
[Site "Bratislava"]
[Date "2019.08.05"]
[Round "4.17"]
[White "Fardet, Elouan"]
[Black "Papadiamandis, Elliot"]
[Result "1-0"]
[ECO "B93"]
[WhiteElo "2047"]
[BlackElo "2202"]
[Annotator "NA"]
[PlyCount "119"]
[EventDate "2019.08.02"]
[EventType "swiss"]
[EventCountry "SVK"]
[SourceTitle "playchess.com"]
[Source "ChessBase"]
[SourceQuality "1"]
[TimeControl "40/5400+30:1800+30"]

1. e4 c5 2. Nf3 d6 3. d4 cxd4 4. Nxd4 Nf6 5. Nc3 a6 6. f4 e5 7. Nf5 Nc6 8. Bc4 g6 9. Ng3 Bg7 10. f5 Qc7 11. Bb3 Ne7 12. Bg5 O-O 13. O-O Kh8 14. Qd2 b5 15. Bxf6 Bxf6 16. fxg6 fxg6 17. Qh6 Bg4 18. h3 Bg7 19. Qg5 Bh5 20. Nxh5 gxh5 21. Qxh5 Qc5+ 22. Kh2 Ng6 23. Nd5 a5 24. c3 a4 25. Bc2 Rf2 26. Bd3 Raf8 27. b3 Rxf1 28. Rxf1 Rxf1 29. Bxf1 Qa3 30. Bxb5 axb3 31. axb3 Qxb3 32. Bd7 Qb8 33. Bf5 Nf8 34. Qf7 Qb3 35. Be6 Nxe6 36. Qxe6 Qb8 37. Ne7 Qd8 38. Nf5 Bf8 39. c4 Qb8 40. h4 Qd8 41. Qf7 Bh6 42. g3 Bf8 43. h5 Qb8 44. h6 Qd8 45. Kh3 Qc8 46. Qf6+ Kg8 47. Kg2 Qb7 48. Kh3 Qd7 49. g4 Qb7 50. g5 Qa7 51. Qe6+ Kh8 52. Ng3 Qc7 53. Qf5 Kg8 54. Nh5 Qf7 55. Kg4 Qa7 56. Nf6+ Kh8 57. Nxh7 Be7 58. Nf6 Qg1+ 59. Kh5 Bxf6 60. Qxf6+ 1-0

[Event "EYCC Open-U14 2019"]
[Site "Bratislava"]
[Date "2019.08.05"]
[Round "4.18"]
[White "Kristoferitsch, Daniel"]
[Black "Tadic, Stefan"]
[Result "1/2-1/2"]
[ECO "B32"]
[WhiteElo "2108"]
[BlackElo "2262"]
[Annotator "NA"]
[PlyCount "154"]
[EventDate "2019.08.02"]
[EventType "swiss"]
[EventCountry "SVK"]
[SourceTitle "playchess.com"]
[Source "ChessBase"]
[SourceQuality "1"]
[TimeControl "40/5400+30:1800+30"]

1. e4 c5 2. Nf3 Nc6 3. d4 cxd4 4. Nxd4 e5 5. Nb5 d6 6. N1c3 a6 7. Na3 Be7 8. Nc4 b5 9. Ne3 Nf6 10. f3 O-O 11. a4 bxa4 12. Rxa4 a5 13. Bc4 Nb4 14. O-O Qb6 15. Kh1 Bd7 16. Ra1 Be6 17. Ncd5 Nfxd5 18. Bxd5 Nxd5 19. Nxd5 Bxd5 20. Qxd5 Rfc8 21. Qd3 a4 22. c3 Qb3 23. Bd2 Rd8 24. Qd5 Rdb8 25. Qxb3 Rxb3 26. Ra2 h6 27. Kg1 Bg5 28. Bxg5 hxg5 29. Rd1 Rab8 30. Rd2 Kf8 31. Kf2 Ke7 32. Rxa4 Rxb2 33. Ra2 R2b3 34. Rac2 Rc8 35. Rd3 g6 36. g4 Ra8 37. Ke2 Raa3 38. Kd2 Rb1 39. c4 Raa1 40. Ke3 Rh1 41. Rdd2 Ra3+ 42. Rd3 Raa1 43. Rdd2 Ke6 44. c5 dxc5 45. Rxc5 Ra3+ 46. Rd3 Rxd3+ 47. Kxd3 Rxh2 48. Rc6+ Kd7 49. Ra6 Rh3 50. Ke2 Rh8 51. Ra7+ Ke6 52. Ra6+ Ke7 53. Ra7+ Kf6 54. Ra6+ Kg7 55. Ra5 Re8 56. Ke3 Re6 57. Rb5 Kf6 58. Ra5 Rd6 59. Rb5 Ke6 60. Ra5 Rb6 61. Ra7 Rc6 62. Ra5 f5 63. exf5+ gxf5 64. gxf5+ Kxf5 65. Ra4 Rc3+ 66. Kf2 Rd3 67. Rb4 Rd4 68. Rb2 Kf4 69. Ra2 e4 70. fxe4 Rxe4 71. Kg2 Kg4 72. Rb2 Kh4 73. Rb3 Re2+ 74. Kg1 g4 75. Ra3 Rb2 76. Rc3 g3 77. Rc8 Kh3 1/2-1/2

[Event "EYCC Open-U14 2019"]
[Site "Bratislava"]
[Date "2019.08.05"]
[Round "4.19"]
[White "Schlegel, Igor"]
[Black "Bochnicka, Vladimir"]
[Result "0-1"]
[ECO "B32"]
[WhiteElo "1968"]
[BlackElo "2169"]
[Annotator "NA"]
[PlyCount "48"]
[EventDate "2019.08.02"]
[EventType "swiss"]
[EventCountry "SVK"]
[SourceTitle "playchess.com"]
[Source "ChessBase"]
[SourceQuality "1"]
[TimeControl "40/5400+30:1800+30"]

1. e4 c5 2. Nf3 Nc6 3. d4 cxd4 4. Nxd4 e5 5. Nb5 d6 6. c4 a6 7. N5c3 f5 8. exf5 Bxf5 9. Bd3 Be6 10. Nd2 Nf6 11. O-O Be7 12. b3 O-O 13. Nde4 Qe8 14. Ng5 Bd7 15. Nd5 Bd8 16. Nxf6+ gxf6 17. Ne4 f5 18. Nxd6 Qg6 19. Nxb7 Bf6 20. c5 Nd4 21. Bc4+ Kh8 22. Bd5 Bb5 23. Nd6 Be2 24. Qd2 Bf3 0-1

[Event "EYCC Open-U14 2019"]
[Site "Bratislava"]
[Date "2019.08.05"]
[Round "4.20"]
[White "Yaniv, Yuval"]
[Black "Revaliente Montoya, Ciro"]
[Result "0-1"]
[ECO "B94"]
[WhiteElo "2135"]
[BlackElo "1917"]
[Annotator "NA"]
[PlyCount "76"]
[EventDate "2019.08.02"]
[EventType "swiss"]
[EventCountry "SVK"]
[SourceTitle "playchess.com"]
[Source "ChessBase"]
[SourceQuality "1"]
[TimeControl "40/5400+30:1800+30"]

1. e4 c5 2. Nf3 d6 3. d4 Nf6 4. Nc3 cxd4 5. Nxd4 a6 6. Bg5 Nbd7 7. Bc4 Qb6 8. Bb3 e6 9. Qd2 Be7 10. O-O-O O-O 11. g4 Nc5 12. f3 Qc7 13. a3 b5 14. Ba2 Bd7 15. b4 Nb7 16. Kb2 Rfc8 17. Be3 Be8 18. g5 Nd7 19. f4 Nb6 20. Nxe6 Qxc3+ 21. Kb1 Na4 22. Bd4 Qxd2 23. Rxd2 fxe6 24. Bxe6+ Bf7 25. Bxc8 Rxc8 26. Re1 a5 27. f5 axb4 28. e5 dxe5 29. Bxe5 bxa3 30. g6 hxg6 31. fxg6 Be6 32. Bxg7 a2+ 33. Ka1 Kxg7 34. Rxe6 Bf6+ 35. Kxa2 Nc3+ 36. Kb2 Ne4+ 37. Rxf6 Kxf6 38. Rd5 Nbd6 0-1

[Event "EYCC Open-U14 2019"]
[Site "Bratislava"]
[Date "2019.08.06"]
[Round "5.1"]
[White "Kostolansky, Sebastian Lukas"]
[Black "Razafindratsima, Timothe"]
[Result "1-0"]
[ECO "B23"]
[WhiteElo "2406"]
[BlackElo "2178"]
[Annotator "NA"]
[PlyCount "79"]
[EventDate "2019.08.02"]
[EventType "swiss"]
[EventCountry "SVK"]
[SourceTitle "playchess.com"]
[Source "ChessBase"]
[SourceQuality "1"]
[TimeControl "40/5400+30:1800+30"]

1. e4 c5 2. Nc3 d6 3. d4 cxd4 4. Qxd4 Nc6 5. Qd2 g6 6. b3 Bg7 7. Bb2 Nf6 8. O-O-O O-O 9. f3 Be6 10. Kb1 a5 11. Nge2 a4 12. Nxa4 b5 13. Nac3 b4 14. Na4 Rxa4 15. bxa4 Qa5 16. c4 Qxa4 17. Nc1 Nd7 18. Bxg7 Kxg7 19. h4 h6 20. Nb3 Nc5 21. Rc1 Ra8 22. Qb2+ f6 23. g4 Qa7 24. Nxc5 Qxc5 25. g5 h5 26. gxf6+ exf6 27. Be2 Ra3 28. Rhd1 Re3 29. Rd5 Qb6 30. Rxd6 b3 31. a3 Kf7 32. c5 Qb7 33. Bc4 Bxc4 34. Qxf6+ Kg8 35. Qxg6+ Qg7 36. Rxc4 Rxf3 37. Qxg7+ Kxg7 38. Rxc6 Rf4 39. Rb6 Rxh4 40. c6 1-0

[Event "EYCC Open-U14 2019"]
[Site "Bratislava"]
[Date "2019.08.06"]
[Round "5.2"]
[White "Tsvetkov, Andrey"]
[Black "Sahakyan, Aleks"]
[Result "1-0"]
[ECO "E20"]
[WhiteElo "2324"]
[BlackElo "1856"]
[Annotator "NA"]
[PlyCount "61"]
[EventDate "2019.08.02"]
[EventType "swiss"]
[EventCountry "SVK"]
[SourceTitle "playchess.com"]
[Source "ChessBase"]
[SourceQuality "1"]
[TimeControl "40/5400+30:1800+30"]

1. d4 Nf6 2. c4 e6 3. Nc3 Bb4 4. f3 c5 5. d5 O-O 6. e4 d6 7. Nge2 b5 8. Nf4 exd5 9. cxd5 a6 10. Be2 Nbd7 11. O-O c4 12. Kh1 Bc5 13. b3 Qa5 14. Bd2 Bd4 15. a3 Bxc3 16. b4 Bxb4 17. axb4 Qc7 18. Bc3 Ne5 19. Qd2 Qe7 20. Bd1 Nfd7 21. Nh5 g6 22. Ng3 h5 23. f4 Nd3 24. f5 Qh4 25. Qh6 N3e5 26. Bxe5 dxe5 27. fxg6 fxg6 28. Qxg6+ Kh8 29. Qh6+ Kg8 30. Bxh5 Nf6 31. Bf7+ 1-0

[Event "EYCC Open-U14 2019"]
[Site "Bratislava"]
[Date "2019.08.06"]
[Round "5.3"]
[White "Makoveev, Ilya"]
[Black "Krastev, Alexander"]
[Result "1/2-1/2"]
[ECO "C55"]
[WhiteElo "2288"]
[BlackElo "2325"]
[Annotator "NA"]
[PlyCount "42"]
[EventDate "2019.08.02"]
[EventType "swiss"]
[EventCountry "SVK"]
[SourceTitle "playchess.com"]
[Source "ChessBase"]
[SourceQuality "1"]
[TimeControl "40/5400+30:1800+30"]

1. e4 e5 2. Nf3 Nc6 3. Bc4 Nf6 4. d3 Be7 5. O-O O-O 6. a4 d6 7. c3 h6 8. Re1 Nh7 9. h3 Ng5 10. Nbd2 Be6 11. a5 Nxf3+ 12. Qxf3 a6 13. Nf1 Bg5 14. b4 Bxc1 15. Raxc1 Ne7 16. Ne3 Qd7 17. Red1 Bxc4 18. dxc4 Qc6 19. Qg4 h5 20. Qg5 f6 21. Qh4 g5 1/2-1/2